TOP OF THE 1ST |
Wisconsin Rapids Rangers batting - Pitching for Cincinnati Pride : RHP Jesús Martínez
|
Pitching: RHP Jesús Martínez
|
|
Batting: RHB Troy Reed
|
0-0: Foul Ball, location: 2F 0-1: Swinging Strike 0-2: Ball 1-2: Foul Ball, location: 2F 1-2: Strikes out swinging
|
Batting: LHB Alex Henderson
|
0-0: Called Strike 0-1: Ball 1-1: Foul Ball, location: 2F 1-2: DOUBLE (Line Drive, 9LM)
|
Batting: SHB José López
|
0-0: Called Strike 0-1: Ball 1-1: Ball 2-1: Foul Ball, location: 2F 2-2: Foul Ball, location: 2F 2-2: Strikes out swinging
|
Batting: RHB Danny Campbell
|
0-0: Ball 1-0: Ball 2-0: Ball 3-0: Foul Ball, location: 2F 3-1: Swinging Strike 3-2: Strikes out swinging
|
Top of the 1st over - 0 run(s), 1 hit(s), 0 error(s), 1 left on base; Wisconsin Rapids 0 - Cincinnati 0 |
BOTTOM OF THE 1ST |
Cincinnati Pride batting - Pitching for Wisconsin Rapids Rangers : LHP Manuel Perea
|
Pitching: LHP Manuel Perea
|
|
Batting: RHB Larry Booth
|
0-0: Called Strike 0-1: Foul Ball, location: 2F 0-2: Strikes out looking
|
Batting: RHB Wilson Flores
|
0-0: Ball 1-0: Called Strike 1-1: Bunted foul 1-2: Foul Ball, location: 2F 1-2: Foul Ball, location: 2F 1-2: Foul Ball, location: 2F 1-2: Foul Ball, location: 2F 1-2: Ball 2-2: Strikes out swinging
|
Batting: RHB Michael Skinner
|
0-0: Ball 1-0: Ball 2-0: Ball 3-0: Called Strike 3-1: Called Strike 3-2: Foul Ball, location: 2F 3-2: Base on Balls
|
Batting: RHB Roberto Chávez
|
0-0: Foul Ball, location: 2F 0-1: Ball 1-1: Swinging Strike 1-2: Strikes out swinging
|
Bottom of the 1st over - 0 run(s), 0 hit(s), 0 error(s), 1 left on base; Wisconsin Rapids 0 - Cincinnati 0 |
TOP OF THE 2ND |
Wisconsin Rapids Rangers batting - Pitching for Cincinnati Pride : RHP Jesús Martínez
|
Batting: RHB John Denton
|
0-0: Called Strike 0-1: Foul Ball, location: 2F 0-2: Ground out 6-3 (Groundball, 6)
|
Batting: RHB Dick Slagboom
|
0-0: Foul Ball, location: 2F 0-1: Foul Ball, location: 2F 0-2: Strikes out swinging
|
Batting: RHB Vernon Romo
|
0-0: Called Strike 0-1: DOUBLE (Line Drive, 8LM)
|
Batting: RHB James Jenkins
|
0-0: Ball 1-0: Called Strike 1-1: Foul Ball, location: 2F 1-2: Strikes out swinging
|
Top of the 2nd over - 0 run(s), 1 hit(s), 0 error(s), 1 left on base; Wisconsin Rapids 0 - Cincinnati 0 |
BOTTOM OF THE 2ND |
Cincinnati Pride batting - Pitching for Wisconsin Rapids Rangers : LHP Manuel Perea
|
Batting: RHB Randy Simons
|
0-0: Called Strike 0-1: Ball 1-1: Ball 2-1: Ground out 5-3 (Groundball, 15S)
|
Batting: SHB Rafael Villa
|
0-0: Ball 1-0: Ball 2-0: Ball 3-0: Base on Balls
|
Batting: RHB Pablo Gómez
|
0-0: Ball 1-0: Ball 2-0: Ground out 6-3 (Groundball, 6S) Rafael Villa to second
|
Batting: LHB Marvin Morris
|
0-0: Ball 1-0: Called Strike 1-1: Foul Ball, location: 2F 1-2: Ball 2-2: Strikes out looking
|
Bottom of the 2nd over - 0 run(s), 0 hit(s), 0 error(s), 1 left on base; Wisconsin Rapids 0 - Cincinnati 0 |
TOP OF THE 3RD |
Wisconsin Rapids Rangers batting - Pitching for Cincinnati Pride : RHP Jesús Martínez
|
Batting: RHB Robert Acosta
|
0-0: Ball 1-0: Ball 2-0: Called Strike 2-1: Foul Ball, location: 2F 2-2: Strikes out swinging
|
Batting: RHB Troy Reed
|
0-0: Ball 1-0: Swinging Strike 1-1: Ball 2-1: Swinging Strike 2-2: Strikes out swinging
|
Batting: LHB Alex Henderson
|
0-0: Ball 1-0: Ball 2-0: Swinging Strike 2-1: Foul Ball, location: 2F 2-2: Foul Ball, location: 2F 2-2: Strikes out swinging
|
Top of the 3rd over - 0 run(s), 0 hit(s), 0 error(s), 0 left on base; Wisconsin Rapids 0 - Cincinnati 0 |
BOTTOM OF THE 3RD |
Cincinnati Pride batting - Pitching for Wisconsin Rapids Rangers : LHP Manuel Perea
|
Batting: RHB Norris Howard
|
0-0: Ball 1-0: Swinging Strike 1-1: SOLO HOME RUN (Line Drive, 7LD), Distance : 348 ft
|
Batting: RHB Larry Booth
|
0-0: Foul Ball, location: 2F 0-1: DOUBLE (Line Drive, 89M)
|
Batting: RHB Wilson Flores
|
0-0: Called Strike 0-1: Ball 1-1: Foul Ball, location: 2F 1-2: Ball 2-2: Strikes out looking
|
Batting: RHB Michael Skinner
|
0-0: Called Strike 0-1: SINGLE (Flyball, 7LM) Larry Booth to third Runner from 3rd tries for Home, SAFE, no throw or cutoff
|
Batting: RHB Roberto Chávez
|
0-0: Ball 1-0: Called Strike 1-1: Foul Ball, location: 2F 1-2: Grounds into double play, 6-4-3 (Groundball, 6M)
|
Bottom of the 3rd over - 2 run(s), 3 hit(s), 0 error(s), 0 left on base; Wisconsin Rapids 0 - Cincinnati 2 |
TOP OF THE 4TH |
Wisconsin Rapids Rangers batting - Pitching for Cincinnati Pride : RHP Jesús Martínez
|
Batting: SHB José López
|
0-0: Foul Ball, location: 2F 0-1: Ball 1-1: Ball 2-1: Foul Ball, location: 2F 2-2: Foul Ball, location: 2F 2-2: Ball 3-2: Base on Balls
|
Batting: RHB Danny Campbell
|
0-0: Ball 1-0: Ball 2-0: Fly out, F3 (Popup, 3F)
|
Batting: RHB John Denton
|
0-0: Called Strike 0-1: Ball 1-1: Ball 2-1: Ball 3-1: Foul Ball, location: 2F 3-2: Ground out 1-3 (Groundball, 13S) José López to second
|
Batting: RHB Dick Slagboom
|
0-0: Called Strike 0-1: Fly out, F3 (Popup, 3S)
|
Top of the 4th over - 0 run(s), 0 hit(s), 0 error(s), 1 left on base; Wisconsin Rapids 0 - Cincinnati 2 |
BOTTOM OF THE 4TH |
Cincinnati Pride batting - Pitching for Wisconsin Rapids Rangers : LHP Manuel Perea
|
Batting: RHB Randy Simons
|
0-0: Ball 1-0: Called Strike 1-1: Ball 2-1: Ball 3-1: Base on Balls
|
Batting: SHB Rafael Villa
|
0-0: Swinging Strike 0-1: Ball 1-1: Ball 2-1: Ball 3-1: Foul Ball, location: 2F 3-2: SINGLE (Groundball, 25) (infield hit) Randy Simons to second
|
Batting: RHB Pablo Gómez
|
0-0: Called Strike 0-1: 3-RUN HOME RUN (Flyball, 9LD), Distance : 361 ft
|
Batting: LHB Marvin Morris
|
0-0: Ball 1-0: Ball 2-0: Foul Ball, location: 2F 2-1: Foul Ball, location: 2F 2-2: Ball 3-2: Strikes out swinging
|
Batting: RHB Norris Howard
|
0-0: Called Strike 0-1: Called Strike 0-2: Ball 1-2: Strikes out swinging
|
Batting: RHB Larry Booth
|
0-0: Fly out, F9 (Flyball, 89M)
|
Bottom of the 4th over - 3 run(s), 2 hit(s), 0 error(s), 0 left on base; Wisconsin Rapids 0 - Cincinnati 5 |
TOP OF THE 5TH |
Wisconsin Rapids Rangers batting - Pitching for Cincinnati Pride : RHP Jesús Martínez
|
Batting: RHB Vernon Romo
|
0-0: Called Strike 0-1: Ball 1-1: Swinging Strike 1-2: Foul Ball, location: 2F 1-2: Ball 2-2: Strikes out swinging
|
Batting: RHB James Jenkins
|
0-0: Ball 1-0: Swinging Strike 1-1: Ball 2-1: Foul Ball, location: 2F 2-2: Strikes out looking
|
Batting: RHB Robert Acosta
|
0-0: Foul Ball, location: 2F 0-1: Foul Ball, location: 2F 0-2: Foul Ball, location: 2F 0-2: Foul Ball, location: 2F 0-2: Ball 1-2: Ball 2-2: Ball 3-2: Base on Balls
|
Pitching: RHP Darrell Stanley
|
|
Batting: RHB Troy Reed
|
0-0: Called Strike 0-1: Ball 1-1: Ball Robert Acosta is caught stealing 2nd base
|
Top of the 5th over - 0 run(s), 0 hit(s), 0 error(s), 0 left on base; Wisconsin Rapids 0 - Cincinnati 5 |
BOTTOM OF THE 5TH |
Cincinnati Pride batting - Pitching for Wisconsin Rapids Rangers : LHP Manuel Perea
|
Batting: RHB Wilson Flores
|
0-0: Called Strike 0-1: Foul Ball, location: 2F 0-2: Strikes out swinging
|
Batting: RHB Michael Skinner
|
0-0: Called Strike 0-1: Swinging Strike 0-2: Ball 1-2: Foul Ball, location: 2F 1-2: Foul Ball, location: 2F 1-2: Fly out, F7 (Flyball, 78XD)
|
Batting: RHB Roberto Chávez
|
0-0: Swinging Strike 0-1: Ball 1-1: Foul Ball, location: 2F 1-2: Ball 2-2: Ball 3-2: Foul Ball, location: 2F 3-2: SINGLE (Groundball, 5)
|
Pitching: RHP Ramiro Maestas
|
|
Batting: RHB Randy Simons
|
0-0: Ball 1-0: Called Strike 1-1: Foul Ball, location: 2F 1-2: Foul Ball, location: 2F 1-2: Strikes out swinging
|
Bottom of the 5th over - 0 run(s), 1 hit(s), 0 error(s), 1 left on base; Wisconsin Rapids 0 - Cincinnati 5 |
TOP OF THE 6TH |
Wisconsin Rapids Rangers batting - Pitching for Cincinnati Pride : RHP Darrell Stanley
|
Batting: RHB Troy Reed
|
0-0: Foul Ball, location: 2F 0-1: Called Strike 0-2: Ball 1-2: Strikes out swinging
|
Batting: LHB Alex Henderson
|
0-0: Called Strike 0-1: Swinging Strike 0-2: Ball 1-2: Strikes out looking
|
Batting: SHB José López
|
0-0: Called Strike 0-1: Swinging Strike 0-2: Foul Ball, location: 2F 0-2: Strikes out looking
|
Top of the 6th over - 0 run(s), 0 hit(s), 0 error(s), 0 left on base; Wisconsin Rapids 0 - Cincinnati 5 |
BOTTOM OF THE 6TH |
Cincinnati Pride batting - Pitching for Wisconsin Rapids Rangers : RHP Ramiro Maestas
|
Batting: SHB Rafael Villa
|
0-0: Foul Ball, location: 2F 0-1: Ball 1-1: Ball 2-1: Ground out U3 (Groundball, 3S)
|
Batting: RHB Pablo Gómez
|
0-0: Ball 1-0: Called Strike 1-1: Foul Ball, location: 2F 1-2: Ball 2-2: Foul Ball, location: 2F 2-2: Strikes out looking
|
Batting: LHB Marvin Morris
|
0-0: Ball 1-0: Called Strike 1-1: Ball 2-1: Fly out, F3 (Popup, 3S)
|
Bottom of the 6th over - 0 run(s), 0 hit(s), 0 error(s), 0 left on base; Wisconsin Rapids 0 - Cincinnati 5 |
TOP OF THE 7TH |
Wisconsin Rapids Rangers batting - Pitching for Cincinnati Pride : RHP Darrell Stanley
|
Batting: RHB Danny Campbell
|
0-0: Ball 1-0: Ball 2-0: Swinging Strike 2-1: Called Strike 2-2: Ball 3-2: Strikes out swinging
|
Batting: RHB John Denton
|
0-0: Called Strike 0-1: Ball 1-1: Foul Ball, location: 2F 1-2: Ball 2-2: Foul Ball, location: 2F 2-2: Ball 3-2: Foul Ball, location: 2F 3-2: Base on Balls
|
Batting: RHB Dick Slagboom
|
0-0: Ball John Denton is caught stealing 2nd base 1-0: Ball 2-0: Fly out, F9 (Flyball, 89M)
|
Top of the 7th over - 0 run(s), 0 hit(s), 0 error(s), 0 left on base; Wisconsin Rapids 0 - Cincinnati 5 |
BOTTOM OF THE 7TH |
Cincinnati Pride batting - Pitching for Wisconsin Rapids Rangers : RHP Ramiro Maestas
|
Batting: RHB Norris Howard
|
0-0: Called Strike 0-1: Ball 1-1: Foul Ball, location: 2F 1-2: Strikes out swinging
|
Batting: RHB Larry Booth
|
0-0: Called Strike 0-1: Ball 1-1: Swinging Strike 1-2: Foul Ball, location: 2F 1-2: Ball 2-2: Ball 3-2: Foul Ball, location: 2F 3-2: Foul Ball, location: 2F 3-2: Base on Balls
|
Batting: RHB Wilson Flores
|
0-0: Fielders Choice at 2nd, 6-4 (Groundball, 6M)
|
Batting: RHB Michael Skinner
|
0-0: Foul Ball, location: 2F 0-1: Foul Ball, location: 2F 0-2: Ball 1-2: Strikes out looking
|
Bottom of the 7th over - 0 run(s), 0 hit(s), 0 error(s), 1 left on base; Wisconsin Rapids 0 - Cincinnati 5 |
TOP OF THE 8TH |
Wisconsin Rapids Rangers batting - Pitching for Cincinnati Pride : RHP Darrell Stanley
|
Pitching: RHP José Crus
|
|
Batting: RHB Vernon Romo
|
0-0: Swinging Strike 0-1: Swinging Strike 0-2: Foul Ball, location: 2F 0-2: Strikes out swinging
|
Batting: RHB James Jenkins
|
0-0: Ball 1-0: Called Strike 1-1: Called Strike 1-2: Strikes out looking
|
Batting: RHB Robert Acosta
|
0-0: Fly out, F7 (Line Drive, 78S)
|
Top of the 8th over - 0 run(s), 0 hit(s), 0 error(s), 0 left on base; Wisconsin Rapids 0 - Cincinnati 5 |
BOTTOM OF THE 8TH |
Cincinnati Pride batting - Pitching for Wisconsin Rapids Rangers : RHP Ramiro Maestas
|
Pitching: RHP Jorge Flores
|
|
Batting: RHB Roberto Chávez
|
0-0: Swinging Strike 0-1: Foul Ball, location: 2F 0-2: Ball 1-2: Strikes out swinging
|
Batting: RHB Randy Simons
|
0-0: Ball 1-0: Ball 2-0: Foul Ball, location: 2F 2-1: Foul Ball, location: 2F 2-2: Ground out 6-3 (Groundball, 6)
|
Batting: SHB Rafael Villa
|
0-0: Called Strike 0-1: Ball 1-1: Swinging Strike 1-2: Ground out 3-1 (Groundball, 34)
|
Bottom of the 8th over - 0 run(s), 0 hit(s), 0 error(s), 0 left on base; Wisconsin Rapids 0 - Cincinnati 5 |
TOP OF THE 9TH |
Wisconsin Rapids Rangers batting - Pitching for Cincinnati Pride : RHP José Crus
|
Pitching: RHP Eusébio Lagarto
|
|
Now at 3B: Juan Martínez
|
|
Batting: RHB Troy Reed
|
0-0: Ball 1-0: Called Strike 1-1: Fly out, F7 (Flyball, 7D)
|
Batting: LHB Alex Henderson
|
0-0: Fly out, F5 (Popup, 5F)
|
Batting: SHB José López
|
0-0: Called Strike 0-1: Ball 1-1: Foul Ball, location: 2F 1-2: Ball 2-2: Ball 3-2: Strikes out swinging
|
Top of the 9th over - 0 run(s), 0 hit(s), 0 error(s), 0 left on base; Wisconsin Rapids 0 - Cincinnati 5 |
|